 Dungeon Crawl Stone Soup version 0.27.1-33-g824d729ab1 (webtiles) character file.

Game seed: 11644552407471937236

2286 Powertoast the Insei (level 9, -9/58 HPs)
             Began as an Octopode Transmuter on Dec 5, 2021.
             Was an Initiate of Gozag.
             Mangled by a freezing wraith (22 damage)
             ... on level 6 of the Dungeon.
             The game lasted 00:28:21 (7074 turns).

Powertoast the Insei (Octopode Transmuter)          Turns: 7074, Time: 00:28:22

Health: -9/58      AC:  2    Str: 12    XL:     9   Next: 39%
Magic:  9/15       EV: 23    Int: 15    God:    Gozag
Gold:   332        SH:  0    Dex: 24    Spells: 10/16 levels left

rFire    . . .     SeeInvis .     - Unarmed
rCold    . . .     Faith    .   (shield currently unavailable)
rNeg     . . .     Spirit   .   (helmet currently unavailable)
rPois    x         Reflect  .   u - amulet of regeneration
rElec    .         Harm     .   o - +6 ring of dexterity
rCorr    .         Rampage  .   (no ring)
Will     .....                  (no ring)
Stlth    ++++......             (no ring)
HPRegen  1.19/turn              (no ring)
MPRegen  0.14/turn              (no ring)
                                (no ring)
                                (no ring)

@: spider-form, wereblooded
A: venomous fangs, almost no armour, (amphibious), 8 rings, tiny, (camouflage
1), (gelatinous body 1), (nimble swimmer 1), (tentacles)
a: End Transformation, Renounce Religion, Potion Petition, Call Merchant, Bribe
Branch


You were on level 6 of the Dungeon.
You worshipped Gozag.
Gozag was aware of your devotion.
You were a venomous arachnid creature.
You visited 2 branches of the dungeon, and saw 8 of its levels.

You collected 449 gold pieces.
You spent 28 gold pieces at shops.
You paid 89 gold pieces to Gozag.

Inventory:

Missiles
 f - 161 stones
 i - 28 poisoned darts
 j - 82 arrows
 m - 21 bolts
 p - 102 sling bullets
 y - 4 silver boomerangs (quivered)
Armour
 a - a +0 kite shield
Jewellery
 k - an amulet of magic regeneration
 n - a ring of ice
 o - a +6 ring of dexterity (left front leg)
 u - an amulet of regeneration (around neck)
Wands
 v - a wand of polymorph (19)
 B - a wand of mindburst (11)
 C - a wand of digging (7)
Scrolls
 c - a scroll of fear {unknown}
 d - 4 scrolls of enchant weapon
 e - a scroll of fog
 g - 2 scrolls of immolation
 l - a scroll of magic mapping
 s - a scroll of amnesia
 t - a scroll of noise
 A - a scroll of torment {unknown}
 D - a scroll of identify
Potions
 b - 3 potions of curing
 h - 2 potions of ambrosia
 q - a potion of mutation
 r - 3 potions of might {unknown}
 w - a potion of flight {unknown}
 x - 3 potions of lignification
 z - 2 potions of haste {unknown}


   Skills:
 - Level 4.0 Fighting
 + Level 4.4 Dodging
 - Level 6.0 Stealth
 + Level 6.2 Unarmed Combat
 - Level 4.0 Spellcasting
 + Level 5.4 Transmutations
 - Level 6.0 Poison Magic


You had 10 spell levels left.
You knew the following spells:

 Your Spells              Type           Power      Damage    Failure   Level
a - Beastly Appendage     Tmut           38%        N/A       8%          1
b - Wereblood             Tmut           19%        N/A       11%         2
c - Spider Form           Tmut/Pois      10%        N/A       16%         3

Your spell library contained the following spells:

 Spells                   Type           Power      Damage    Failure   Level
 Shock                    Conj/Air       12%        1d3       38%         1
 Dazzling Flash           Conj/Hex       6%         N/A       69%         3
 Swiftness                Air            3%         N/A       69%         3
 Ice Form                 Ice/Tmut       11%        N/A       73%         4
 Airstrike                Air            1%         N/A       96%         4
 Agony                    Necr           3%         N/A       100%        5
 Silence                  Hex/Air        1%         N/A       100%        5


Dungeon Overview and Level Annotations

Branches:
Dungeon (7/15)             Temple (1/1) D:6

Altars:
Ashenzari
Dithmenos
Gozag
Kikubaaqudgha
Qazlal
Ru
Sif Muna
Trog
Uskayaw
Wu Jian
Yredelemnul
Zin

Shops:
D:4 *

Annotations:
D:5 3 runed translucent doors, Foxy's ghost, amateur DsFi


Innate Abilities, Weirdness & Mutations

You are a venomous arachnid creature.
You have poisonous fangs.
You are tiny and dextrous.
Your spellcasting is less reliable in this form.
Your armour is entirely melded.
You are incapable of wielding weapons or throwing items.
You cannot wear most types of armour.
((You are amphibious.))
You can wear up to eight rings at the same time.
((Your skin changes colour to match your surroundings (Stealth+).))
((Your rubbery body absorbs attacks. (AC +1, EV +1)))
((You are camouflaged near water. (Stealth+)))
((You have tentacles for arms and can constrict up to eight enemies at once.))


Message History

The freezing wraith closely misses you. The freezing wraith misses you.
The white imp shouts, "Embrace thy doom, thou unhinged limp-willed slime mould!"
The white imp lashes its tail.
The freezing wraith barely misses you. The freezing wraith closely misses you.
Your transformation has ended.
You feel yourself speed up.
The freezing wraith hits you but does no damage.
The freezing wraith barely misses you.
Your primal bloodlust is almost over.
The white imp disappears for a moment.
The white imp disappears for a moment.
The white imp gestures at you. The puff of frost hits you!
Your primal bloodlust has ended.
You see here a +0 club.
There is a stone staircase leading up here.
The freezing wraith completely misses you.
The freezing wraith misses you.
You climb upwards.
There is a stone staircase leading down here.
Casting: Wereblood (safe; 3% risk of failure)
Confirm with . or Enter, or press ? or * to list all spells.
One of your tentacles grows a vicious spike.
The freezing wraith barely misses you. The freezing wraith hits you!
Casting: Beastly Appendage (safe; 1% risk of failure)
Confirm with . or Enter, or press ? or * to list all spells.
Your blood is infused with primal strength.
The freezing wraith barely misses you. The freezing wraith closely misses you.
Casting: Wereblood (safe; 3% risk of failure)
Confirm with . or Enter, or press ? or * to list all spells.
Your tentacle spike disappears.
You turn into a venomous arachnid creature.
The freezing wraith hits you! The freezing wraith freezes you!
The freezing wraith completely misses you.
You hit the freezing wraith.
The freezing wraith is lightly damaged.
The freezing wraith hits you!
* * * LOW HITPOINT WARNING * * *
The freezing wraith freezes you!!
You die...
Your body crumbles into a pile of gold.

##############
######............#
#.....>##########.# #.######
#.# #.######### #.# ###
#..Ws.....# #.###
##.######.).#####.#######....
#.........#.# #............
##.####.....# #########.###
#.# ##.#.## #.# #.#
#.#.##############.# #.#
#.#...)..)>.....##)### #.#
#.#.###########.##.... ####.#
#.#.# #.##.###


You could see a freezing wraith.

Vanquished Creatures
  A sky beast (D:6)
  An ice beast (D:6)
  A black bear (D:7)
  4 ogres
  A necrophage (D:5)
  3 phantoms
  Blork the orc (D:4)
  A bullfrog (D:6)
  4 scorpions
  A water moccasin skeleton (D:5)
  4 wights (D:6)
  A howler monkey (D:7)
  A bullfrog zombie (D:6)
  3 orc priests
  5 hounds
  A jelly (D:5)
  A centaur skeleton (D:6)
  A bullfrog skeleton (D:5)
  4 iguanas
  4 orc wizards
  A hound zombie (D:5)
  A howler monkey zombie (D:5)
  4 adders
  A worm (D:5)
  6 dart slugs
  22 orcs
  11 ball pythons
  5 bats
  5 endoplasms
  4 giant cockroaches
  6 goblins
  10 hobgoblins
  2 quokkas
  2 frilled lizards
  2 kobolds
  3 rats
  A spectral goblin (D:2)
129 creatures vanquished.

Notes
Turn   | Place    | Note
-------+----------+-------------------------------------------
     0 | D:1      | Powertoast the Octopode Transmuter began the quest for the
                  | Orb.
     0 | D:1      | Reached XP level 1. HP: 13/13 MP: 3/3
    77 | D:1      | Reached skill level 1 in Stealth
   227 | D:1      | Reached XP level 2. HP: 16/18 MP: 3/5
  1354 | D:2      | Reached XP level 3. HP: 23/23 MP: 4/6
  1357 | D:2      | Learned a level 2 spell: Wereblood
  1361 | D:2      | Learned a level 3 spell: Spider Form
  1603 | D:2      | Found a sacrificial altar of Ru.
  1981 | D:2      | Found a faded altar of an unknown god.
  2189 | D:3      | Reached XP level 4. HP: 28/28 MP: 7/7
  2217 | D:3      | Reached skill level 1 in Poison Magic
  2226 | D:3      | Reached XP level 5. HP: 29/33 MP: 8/8
  2416 | D:3      | Found a shadowy altar of Dithmenos.
  3177 | D:4      | Found a hide-covered altar of Uskayaw.
  3310 | D:4      | Noticed Blork the orc
  3323 | D:4      | Killed Blork the orc
  3324 | D:4      | Reached XP level 6. HP: 39/39 MP: 8/10
  3904 | D:4      | Found a broken altar of Ashenzari.
  3971 | D:4      | Reached XP level 7. HP: 45/45 MP: 8/12
  4320 | D:4      | Found Tefuivvai's CLEARANCE SALE! EVERYTHING MUST GO!.
  4326 | D:4      | Bought a scroll of identify for 8 gold pieces
  4326 | D:4      | Bought a scroll of identify for 8 gold pieces
  4326 | D:4      | Bought a potion of lignification for 12 gold pieces
  4542 | D:5      | Entered Level 5 of the Dungeon
  4694 | D:5      | Found a runed translucent gate.
  4695 | D:5      | Found a runed translucent gate.
  4696 | D:5      | Found a runed translucent gate.
  4697 | D:5      | Noticed Foxy's ghost (amateur DsFi)
  4801 | D:5      | Reached XP level 8. HP: 52/52 MP: 12/14
  4909 | D:5      | Reached skill level 5 in Unarmed Combat
  5576 | D:6      | Reached skill level 5 in Stealth
  5940 | D:6      | Reached skill level 5 in Poison Magic
  5954 | D:6      | Reached XP level 9. HP: 43/57 MP: 13/15
  5971 | D:6      | Reached skill level 5 in Transmutations
  6037 | D:6      | Found a staircase to the Ecumenical Temple.
  6076 | Temple   | Entered the Ecumenical Temple
  6234 | Temple   | Became a worshipper of Gozag Ym Sagoz the Greedy
  7033 | D:7      | Noticed a freezing wraith
  7034 | D:7      | Noticed a freezing wraith
  7074 | D:6      | Mangled by a freezing wraith

Illustrated notes

Levels and vault maps discovered:
D:1:      roderic_dead_forest, layout_basic
D:2:      layout_rooms, basic_altar, dreamdust_ecumenical_altar_drowned_temple,
          minmay_heptomino_h4
D:3:      layout_loops_ring, mainiacjoe_overflow_six_doors_small
D:4:      layout_layer_cave, mainiacjoe_overflow_alcove_4,
          ashenzari_conservatory_becter, nicolae_shop_clearance,
          uniq_blork_the_orc
D:5:      layout_loops_ring, gammafunk_ghost_necromancy, kennysheep_cross_room,
          minmay_misc_feat_hallway
D:6:      layout_loops_ring, minmay_temple_entry_statues_fountains
D:7:      layout_rooms, hellmonk_guarded_unrand_frostbite
Temple:   minmay_temple_curvy_branch

Skill      XL: |  1  2  3  4  5  6  7  8  9 |
---------------+----------------------------+-----
Stealth        | 1 3 4 5 6 |  6.0
Poison Magic   | 1 2 3 5 6 |  6.0
Fighting       | 2 3 4 |  4.0
Unarmed Combat | 4 5 6 |  6.2
Spellcasting   | 3 4 |  4.0
Transmutations | 3 4 5 |  5.4
Dodging        | 3 4 |  4.4

Action                   |  1- 3 |  4- 6 |  7- 9 || total
-------------------------+-------+-------+-------++-------
Melee: Unarmed           |    69 |    73 |   187 ||   329
       Constrict         |    15 |    21 |    38 ||    74
       Kick              |    13 |    17 |    65 ||    95
       Tentacles         |    11 |    18 |    56 ||    85
       Punch             |     1 |     2 |    11 ||    14
Throw: Boomerang         |    11 |     6 |    15 ||    32
       Dart              |       |     8 |    13 ||    21
 Cast: Beastly Appendage |    25 |    16 |    30 ||    71
       Wereblood         |       |     5 |     8 ||    13
       Spider Form       |       |       |     4 ||     4
  Use: Scroll            |       |     7 |     6 ||    13
       Potion            |       |       |     1 ||     1
 Stab: Sleeping          |     9 |     8 |     8 ||    25
Armor: Skin              |     2 |     6 |     5 ||    13
Dodge: Dodged            |    37 |    59 |   118 ||   214
